 Dungeon Sprint DCSS version 0.02-122-g12e50fee3c (webtiles) character file.

Game seed: 8106791131377069262, levelgen mode: deterministic

0 lorenzova the Firebug (level 1, -1/10 HPs) Deep Elf Fire Elementalist. Began on Oct 6, 2020. Was an Initiate of Vehumet. Slain by a phantom (7 damage) ... in the Dungeon (Sprint V: "Ziggurat Sprint"). The game lasted 00:05:04 (145 turns).

lorenzova the Firebug (Deep Elf Fire Elementalist)   Turns: 145, Time: 00:05:04

Health: -1/10      AC: 17    Str:  5    XL:     1 ^: 11
Magic:  6/6        EV: -1    Int: 29    God:    Vehumet [0* [22]]
Gold:   0          SH:  0    Dex: 15    Spells: 5/6 levels left

rFire    + + +     Vision   .   M - +7 great mace "Firestarter" {inner flame, rF++}
rCold    + . .     Gourm    .   (also wielding the above weapon)
rNeg     . . .     Faith    .   F - +5 gold dragon scales
rPois    +         Spirit   .   (no helmet)
rElec    .         Reflect  .   (no cloak)
rCorr    .         Harm     .   (no gloves)
MR       .....     NoTele   +   (no boots)
Stlth    ..........             (no amulet)
HPRegen  0.13/turn              l - ring of intelligence
MPRegen  0.16/turn              m - ring of intelligence

@: no status effects
A: no striking features
a: Renounce Religion


You were in the Dungeon.
You worshipped Vehumet.
Vehumet was noncommittal.
You were not hungry.

You visited 1 branch

Inventory:

Weapons
 I - the +10 dark maul {crush}
   (You found it in the Dungeon)

   It inflicts extra damage upon your enemies.
 J - the +14 obsidian axe {chop, +Fly +Vis Soulbond}
   (You found it in the Dungeon)

   It inflicts extra damage upon your enemies.
   It improves your vision.
   It lets you fly.
   When equipped, it binds to the wielder's soul until they gain enough
   experience to unwield again.
 L - the +7 Singing Sword {penetrate, sonic wave}
   (You found it in the Dungeon)

   It inflicts extra damage upon your enemies.
 M - the +7 great mace "Firestarter" (weapon) {inner flame, rF++}
   (You found it in the Dungeon)

   Its malleable surface is completely molten, allowing it to meld around and
   partially ignore armour.
   Causes less base damage than a standard weapon; but partially ignores enemy's
   defense and burns causing additional damage to those that don't resist heat.
   It greatly protects you from fire.
 N - the +8 lance "Wyrmbane" {slay drac, rPois rF+ rC+ AC+3}
   (You found it in the Dungeon)

   This legendary weapon is deadly to all dragonkind.
   It affects your AC (+3).
   It protects you from fire.
   It protects you from cold.
   It protects you from poison.
 O - the +0 sword of Power
   (You found it in the Dungeon)
Armour
 a - a +0 robe
 E - +5 fire dragon scales
 F - +5 gold dragon scales (worn)
 G - +5 ice dragon scales
 H - +5 storm dragon scales
Magical Staves
 b - the +6 Majin-Bo {vampiric, corrupt archmagi; MP+6 Int+6}
   (You found it in the Dungeon)

   [staff of ]

   Base accuracy: +5 Base damage: 5 Base attack delay: 1.2 This weapon's minimum
   attack delay (0.6) is reached at skill level 12.
   The minimum and maximum damage of damaging spells cast with this staff are
   significantly increased.
   It falls into the 'Staves' category.
   It is one handed.
   Its enchantment grants additive spellpower to the spells it enhances.
Jewellery
 j - an uncursed ring of dexterity
 k - an uncursed ring of dexterity
 l - a ring of intelligence (left hand)
 m - a ring of intelligence (right hand)
 n - an uncursed ring of strength
 o - an uncursed ring of strength
Wands
 y - a wand of disintegration (7)
 B - a wand of iceblast (7)
 C - a wand of acid (7)
Scrolls
 i - 4 scrolls of blinking
 p - 4 scrolls of amnesia
 q - 7 scrolls of fog
 r - a scroll of holy word
 s - 5 scrolls of bless item
 t - 2 scrolls of fear
Potions
 d - 10 potions of curing
 e - 10 potions of heal wounds
 f - 6 potions of haste
 g - 7 potions of magic
 h - 3 potions of berserk rage
 u - 2 potions of brilliance
 v - 2 potions of invisibility
 w - 4 potions of resistance
 x - a potion of experience
 z - 5 potions of agility
 A - 5 potions of might
Miscellaneous
 D - a crystal ball of energy
 K - a lightning rod (4/4)
Comestibles
 c - 7 rations


   Skills:
 - Level 2.4 Dodging
 - Level 2.4 Stealth
 + Level 3.3 Spellcasting
 + Level 3.5 Fire Magic


You had 5 spell levels left.
You knew the following spells:

 Your Spells              Type           Power        Failure   Level  Hunger
a - Foxfire               Fire           25 (25)      100%        1    None

Your spell library contained the following spells:

 Spells                   Type           Power        Failure   Level  Hunger
 Searing Ray              Fire           25 (50)      100%        2    #......
 Conjure Flame            Fire           25 (100)     100%        3    ##.....
 Inner Flame              Hex/Fire       15 (100)     100%        3    ##.....
 Sticky Flame             Fire/Pois      15 (100)     100%        4    ####...
 Fireball                 Fire           25 (200)     100%        5    ######.


Dungeon Overview and Level Annotations

Branches:
Dungeon (1/1)

Altars:
Ashenzari
Cheibriados
Dithmenos
Elyvilon
Fedhas Madash
Gozag Ym Sagoz
Hepliaklqana
Kikubaaqudgha
Makhleb
Nemelex Xobeh
Okawaru
Qazlal
Ru
Sif Muna
Trog
Uskayaw
Vehumet
Wu Jian
Xom
Yredelemnul
Zin
The Shining One
Beogh
Jiyva
Lugonu

Annotations:
D 1 transporter


Message History

The bat skeleton hits you but does no damage.
Found a +3 chain mail of positive energy and a +5 spear of venom.
Found a transporter.
You sock the bat skeleton (10)! You burn the bat skeleton (6).
You destroy the bat skeleton!
Vehumet accepts your kill.
The phantom hits you but does no damage.
Your gold dragon scales prevents you from hitting the phantom.
The phantom blinks!
The phantom hits you (5).
Ouch! That really hurt!
The phantom blinks!
You see here a +3 chain mail of positive energy.
You closely miss the phantom.
The phantom hits you but does no damage.
You closely miss the phantom.
The phantom hits you but does no damage.
The phantom hits you (7)!
Ouch! That really hurt!
You die...

▓▓▓▓▓▓▓
▓.8©8.▓
▓.....▓
▓.).@.▓
▓...W.▓
▓.....▓
▓..©..▓
▓▓▓▓▓▓▓


You could see a phantom.

Vanquished Creatures
  A bat skeleton (D)
1 creature vanquished.

Notes
Turn   | Place    | Note
-------+----------+-------------------------------------------
     0 | D        | lorenzova the Deep Elf Fire Elementalist began the quest
                  | for the Orb.
     0 | D        | Reached XP level 1. HP: 10/10 MP: 6/6
     0 | D        | Found a bloodstained altar of Trog.
     0 | D        | Found a shimmering blue altar of Sif Muna.
     0 | D        | Found a sacrificial altar of Ru.
     0 | D        | Found a stormy altar of Qazlal.
     0 | D        | Found an iron altar of Okawaru.
     4 | D        | Found a sparkling altar of Nemelex Xobeh.
     5 | D        | Found the +7 great mace "Firestarter" {inner flame, rF++}
     5 | D        | Found the +6 shillelagh "Devastator" {shatter}
     5 | D        | Found the +11 plutonium sword {*Contam Stlth-}
     5 | D        | Found the +8 lance "Wyrmbane" {slay drac, rPois rF+ rC+
                  | AC+3}
     5 | D        | Found the +9 sword of Zonguldrok {reap}
     5 | D        | Found the +13 scythe of Curses {drain, Soulbond}
     5 | D        | Found the +0 sword of Power
     5 | D        | Found the +7 mace of Variability {chain chaos}
     5 | D        | Found the +7 Singing Sword {penetrate, sonic wave}
     5 | D        | Found the +8 storm bow {elec, penet}
     5 | D        | Found the +6 Majin-Bo {vampiric, corrupt archmagi; MP+6
                  | Int+6}
     5 | D        | Found the +9 ballista "Sniper" {velocity, Acc+∞ +Vis}
     5 | D        | Found the +10 dark maul {crush}
     5 | D        | Found the +15 Maxwell's patent armour {-Cast -Tele rElec
                  | MR+ rCorr}
     5 | D        | Found the +18 shield of the Gong {rElec rN+ MR+ EV-5}
     5 | D        | Found the +14 obsidian axe {chop, +Fly +Vis Soulbond}
     5 | D        | Found a corrupted altar of Lugonu.
     5 | D        | Found a burning altar of Makhleb.
     5 | D        | Found an ancient bone altar of Kikubaaqudgha.
     5 | D        | Found a transporter.
     5 | D        | Found a viscous altar of Jiyva.
     9 | D        | Found a hazy altar of Hepliaklqana.
    26 | D        | Found an opulent altar of Gozag.
    27 | D        | Found a blossoming altar of Fedhas.
    88 | D        | Became a worshipper of Vehumet
   138 | D        | Entered arena 2.
   138 | D        | Noticed a phantom
   138 | D        | Found a transporter.
   145 | D        | Slain by a phantom

Levels and vault maps discovered:
D:        sprint_v [room_start, room_1, room_2, room_3, room_4, room_5, room_6,
          room_7, room_8, room_9, room_10, room_11, room_12, room_13, room_14,
          room_15, room_16, room_17, room_18, room_19, room_20, room_21,
          room_22, room_23, room_24, room_25, room_26, room_27]

Action                   || total
-------------------------++-------
Melee: Great mace        ||     4
Armor: Gold dragon scale ||     4
